 Dungeon Crawl Stone Soup version 0.28.0-53-g5a82cb258f (webtiles) character file.

Game seed: 10660818936707599763

268 Zeld the Skirmisher (level 6, -6/85 HPs)
             Began as a Minotaur Berserker on May 23, 2022.
             Was a Believer of Trog.
             Killed from afar by an electric eel (10 damage)
             ... with a bolt of electricity
             ... on level 6 of the Dungeon.
             The game lasted 00:02:59 (3320 turns).

Zeld the Skirmisher (Minotaur Berserker)            Turns: 3320, Time: 00:03:00

Health: -6/85      AC:  3    Str: 23    XL:     6   Next: 1%
Magic:  5/5        EV: 10    Int:  4    God:    Trog [**....]
Gold:   36         SH:  6    Dex: 10    Spells: 5/5 levels left

rFire   . . .      SeeInvis .   a - +0 hand axe
rCold   . . .      Faith    .   d - +0 kite shield
rNeg    . . .      Spirit   .   b - +0 animal skin
rPois   .          Reflect  .   (helmet restricted)
rElec   .          Harm     .   (no cloak)
rCorr   .          Rampage  .   f - +0 pair of gloves
Will    .....                   (no boots)
Stlth   ..........              (no amulet)
HPRegen 0.24/turn               (no ring)
MPRegen 0.09/turn               (no ring)

@: berserking, very quick
A: horns 2, retaliatory headbutt
a: Renounce Religion, Berserk, Trog's Hand


You were on level 6 of the Dungeon.
You worshipped Trog.
Trog was pleased with you.
You visited 1 branch of the dungeon, and saw 4 of its levels.

You collected 78 gold pieces.
You spent 42 gold pieces at shops.

Inventory:

Hand Weapons
 a - a +0 hand axe (weapon)
Armour
 b - a +0 animal skin (worn)
 d - a +0 kite shield (worn)
 f - a +0 pair of gloves (worn)
Scrolls
 c - a scroll of holy word {unknown}
 e - a scroll of teleportation {unknown}
Potions
 g - 2 potions of curing
 h - 3 potions of haste {unknown}
 i - a potion of degeneration {unknown}


   Skills:
 * Level 5.7 Fighting
 * Level 5.7 Axes
 - Level 3.0 Armour
 + Level 3.5 Dodging


You had 5 spell levels left.
You didn't know any spells.
Your spell library was empty.

Dungeon Overview and Level Annotations

Branches:
Dungeon (3/15)

Altars:
Dithmenos

Shops:
D:3 !:(((


Innate Abilities, Weirdness & Mutations

You have a pair of horns on your head.
You reflexively headbutt those who attack you in melee.


Message History

You hit the electric eel. Your headbutt misses the electric eel.
The electric eel is lightly wounded.
The electric eel shoots out a bolt of lightning at you!
The bolt of electricity misses you.
Unknown command.
You hit the electric eel but do no damage.
The electric eel is lightly wounded.
The electric eel shoots out a bolt of lightning at you!
The bolt of electricity hits you.
* * * LOW HITPOINT WARNING * * *
Unknown command.
A red film seems to cover your vision as you go berserk!
You feel yourself moving faster!
You feel mighty! The ogre barely misses you.
Unknown command.
You slash the ogre!
The ogre is heavily wounded.
You closely miss the electric eel.
Unknown command.
You hit the ogre.
The ogre is severely wounded.
You completely miss the electric eel.
The ogre hits you with a +0 giant spiked club!!
* * * LOW HITPOINT WARNING * * *
Unknown command.
You slash the ogre!
You kill the ogre!
Trog accepts your kill.
You hit the electric eel.
You have reached level 6!
You barely miss the electric eel.
The electric eel is moderately wounded.
Unknown command.
You barely miss the electric eel.
The electric eel is moderately wounded.
Unknown command.
You miss the electric eel.
The electric eel is moderately wounded.
The electric eel shoots out a bolt of lightning at you!
The bolt of electricity hits you!
You die...

#### ...
#######..###
#.!........#
#.....###
≈≈≈≈≈≈≈S...#
≈≈≈≈≈≈≈≈≈..#
###≈≈#+#≈≈.#
#≈≈ ≈≈... #≈
≈≈.... ≈
≈≈.#### ≈≈
≈≈.#


You could see an electric eel.

Vanquished Creatures
  An ogre (D:6)
  An orc priest (D:3)
  Terence (D:3)
  An orc wizard (D:3)
  An adder (D:2)
  An adder skeleton (D:2)
  3 dart slugs
  8 orcs (D:3)
  2 endoplasms (D:2)
  4 giant cockroaches
  6 goblins
  4 hobgoblins
  3 jackals (D:2)
  6 kobolds
  3 quokkas
  15 ball pythons
  8 bats
  2 frilled lizards (D:3)
  5 rats
75 creatures vanquished.

Vanquished Creatures (others)
  14 plants (D:3)
14 creatures vanquished.

Grand Total: 89 creatures vanquished

Notes
Turn   | Place    | Note
-------+----------+-------------------------------------------
     0 | D:1      | Zeld the Minotaur Berserker began the quest for the Orb.
     0 | D:1      | Reached XP level 1. HP: 19/19 MP: 0/0
   217 | D:1      | Reached XP level 2. HP: 17/27 MP: 1/1
   237 | D:1      | Found a faded altar of an unknown god.
   631 | D:1      | Reached XP level 3. HP: 29/33 MP: 2/2
   631 | D:1      | Reached ** piety under Trog
  1894 | D:3      | Found Ristrearu's Weapon Boutique.
  1906 | D:3      | Reached XP level 4. HP: 38/41 MP: 3/3
  1927 | D:3      | Noticed Terence
  1929 | D:3      | Found Wuggosut's Book Boutique.
  1929 | D:3      | Found Areibiwk's Distillery.
  1953 | D:2      | HP: 2/41 [giant cockroach (2)]
  2326 | D:3      | Killed Terence
  2559 | D:3      | Bought a potion of curing for 42 gold pieces
  2565 | D:3      | Found Ytaiceng's Weapon Emporium.
  2800 | D:3      | Reached skill level 5 in Fighting
  2800 | D:3      | Reached skill level 5 in Axes
  2800 | D:3      | Reached XP level 5. HP: 39/48 MP: 4/4
  2924 | D:3      | Reached *** piety under Trog
  3174 | D:3      | Found Nuelomp's Weapon Shop.
  3260 | D:3      | Found a shadowy altar of Dithmenos.
  3307 | D:3      | You fall into a shaft and drop 3 floors!
  3307 | D:6      | Noticed an ogre
  3316 | D:6      | HP: 2/72 [ogre/+0 giant spiked club (20)]
  3317 | D:6      | Killed an ogre
  3318 | D:6      | Reached XP level 6. HP: 3/57 MP: 5/5
  3320 | D:6      | Killed from afar by an electric eel

Illustrated notes

Levels and vault maps discovered:
D:1:      tarquinn_simple_flora_water_b, layout_rooms,
          nicolae_ecumenical_snake_handling
D:2:      layout_loops_corners, chequers_arboretum,
          kennysheep_decorative_pillar, minmay_splitting_lines,
          minmay_quadrilaterals
D:3:      layout_rooms, grunt_temple_overflow_order_and_chaos_2,
          mainiacjoe_overflow_chevrons, serial_shops, shop,
          nicolae_shop_statue_plus, shop_statue, shop, nicolae_diamond_shop,
          hangedman_decor_points, uniq_terence
D:6:      layout_rooms, lemuel_blue_sif_altar, lemuel_round_altar,
          water_boxes_lemuel

Skill      XL: |  1  2  3  4 |
---------------+-------------+-----
Fighting       | 4 5 |  5.7
Axes           | 4 5 |  5.7
Armour         | 3 |  3.0
Dodging        | 3 |  3.5

Action                   |  1- 3 |  4- 6 || total
-------------------------+-------+-------++-------
Melee: Hand axe          |    97 |    86 ||   183
       Headbutt          |    13 |    13 ||    26
Invok: Berserk           |       |     1 ||     1
Armor: Animal skin       |    26 |    31 ||    57
Dodge: Dodged            |    53 |    37 ||    90
Block: Kite shield       |    30 |    22 ||    52
